 Dungeon Crawl Stone Soup version 0.27-a0-1140-g099f9bb0e8 (webtiles) character file.

Game seed: 18382333932604277094

1620 jasper the Distorting Demonspawn (level 8, -3/41 (60) HPs)
             Began as a Demonspawn Wanderer on May 8, 2021.
             Was a Believer of Lugonu.
             Slain by a wight
             ... wielding a +0 halberd
              (15 damage)
             ... on level 6 of the Dungeon.
             The game lasted 00:08:33 (7982 turns).

jasper the Distorting Demonspawn (DsWn)             Turns: 7982, Time: 00:08:34

HP:   -3/41 (60)    AC:  7    Str: 12    XL:     8   Next: 64%
MP:   10/14         EV:  9    Int: 16    God:    Lugonu [**....]
Gold: 230           SH:  0    Dex: 13    Spells: 9/9 levels left

rFire    . . .     SeeInvis .   a - +2 hand axe
rCold    . . .     Faith    +   (no shield)
rNeg     . . .     Spirit   .   f - +0 scale mail
rPois    .         Reflect  .   (helmet restricted)
rElec    .         Harm     .   (no cloak)
rCorr    .         Rampage  .   (no gloves)
Will     .....                  k - +0 pair of boots
Stlth    ..........             j - amulet of faith
HPRegen  0.13/turn              (no ring)
MPRegen  0.14/turn              (no ring)

@: very heavily drained
A: claws 1, horns 2, talons 1, powered by death 1
a: Renounce Religion, Depart the Abyss, Bend Space


You were on level 6 of the Dungeon.
You worshipped Lugonu.
Lugonu was pleased with you.
You visited 1 branch of the dungeon, and saw 6 of its levels.

You collected 230 gold pieces.

Inventory:

Hand Weapons
 a - a +2 hand axe (weapon)
 c - a +0 flail
 d - a +0 dagger
Missiles
 l - 50 bolts
 m - 126 stones
 t - 43 poisoned darts (quivered)
Armour
 e - a +0 robe
 f - a +0 scale mail (worn)
 k - a +0 pair of boots (worn)
 o - a +0 scale mail
Jewellery
 j - an amulet of faith (around neck)
Wands
 p - a wand of flame (15)
Scrolls
 b - 2 scrolls of teleportation
 g - a scroll of enchant weapon {unknown}
 h - a scroll of noise
 q - a scroll of identify
Potions
 i - 2 potions of mutation
 s - 2 potions of curing {unknown}


   Skills:
 + Level 4.1 Fighting
 - Level 5.1 Axes
 - Level 1.7 Throwing
 + Level 3.1 Armour
 + Level 3.1 Dodging
 + Level 3.1 Unarmed Combat
 - Level 1.0 Spellcasting
 - Level 1.7 Transmutations
 - Level 8.4 Invocations


You had 9 spell levels left.
You didn't know any spells.
Your spell library contained the following spells:

 Spells                   Type           Power      Damage    Failure   Level
 Corona                   Hex            0%         N/A       75%         1
 Freeze                   Ice            0%         1d3       75%         1
 Magic Dart               Conj           0%         1d3       75%         1
 Blink                    Tloc           N/A        N/A       86%         2
 Call Imp                 Summ           0%         N/A       86%         2
 Searing Ray              Conj           0%         3d3       86%         2
 Slow                     Hex            0%         N/A       86%         2
 Conjure Flame            Conj/Fire      0%         6-21      98%         3
 Dazzling Flash           Conj/Hex       0%         N/A       98%         3
 Frozen Ramparts          Ice            0%         1d2       98%         3
 Inner Flame              Hex/Fire       0%         N/A       98%         3
 Mephitic Cloud           Conj/Pois/Air  0%         N/A       98%         3
 Ozocubu's Armour         Ice            0%         N/A       98%         3
 Portal Projectile        Hex/Tloc       0%         N/A       98%         3
 Cause Fear               Hex            0%         N/A       100%        4
 Fulminant Prism          Conj/Hex       0%         3d6       100%        4
 Hailstorm                Conj/Ice       0%         3d3       100%        4
 Iskenderun's Mystic Bla  Conj/Tloc      0%         2d3       100%        4
 Leda's Liquefaction      Hex/Erth       0%         N/A       100%        4
 Metabolic Englaciation   Hex/Ice        0%         N/A       100%        5


Dungeon Overview and Level Annotations

Branches:
Dungeon (6/15)             Temple (0/1) D:6

Altars:
Gozag
Okawaru
Qazlal
Yredelemnul
Beogh
Lugonu

Annotations:
D:3 2 transporters, reriks's ghost, amateur OpFE
D:5 3 runed translucent doors, HendSelp's ghost, novice OgBe
Abyss:1 Eustachio


Innate Abilities, Weirdness & Mutations

You have sharp fingernails.
You have a pair of horns on your head.
You have sharp toenails.
You regenerate a little health from kills.


Message History

The wight is almost destroyed.
The wight hits you with a +0 halberd.
* * * LOW HITPOINT WARNING * * *
You feel drained.
* * * LOW HITPOINT WARNING * * *
You take 7 damage, and have 5/46 hp.
You hit the wight but do no damage. Your claw misses the wight.
The wight is almost destroyed.
The wight barely misses you.
You feel much better. The wight closely misses you.
You regained 30 hp, and now have 35/46 hp.
You closely miss the wight.
The wight is almost destroyed.
The wight hits you with a +0 halberd!
You feel drained.
You take 14 damage, and have 21/44 hp.
MASSIVE DAMAGE!!
You hit the wight.
The wight is almost destroyed.
The wight hits you with a +0 halberd!
* * * LOW HITPOINT WARNING * * *
You feel drained.
* * * LOW HITPOINT WARNING * * *
You take 11 damage, and have 10/42 hp.
MASSIVE DAMAGE!!
Press: ? - help, Shift-Dir - straight line, f - wight
Aim: a wight, wielding a +0 halberd and wearing a +0 robe (almost destroyed, chance to affect: 85%)
The wight barely resists.
You can no longer banish your foes.
The wight hits you with a +0 halberd.
* * * LOW HITPOINT WARNING * * *
You feel drained.
* * * LOW HITPOINT WARNING * * *
You take 3 damage, and have 7/41 hp.
You now have 10/14 mp.
Okay, then.
Unknown command.
You feel much better. The wight hits you with a +0 halberd!
* * * LOW HITPOINT WARNING * * *
You regained 5 hp, and now have 12/41 hp.
You hit the wight but do no damage.
The wight is almost destroyed.
The wight hits you with a +0 halberd!
You die...

##.###.#.####
#.....##.#
#.###.##.# ###)#
#....#
#.##...###.####
#...........#####
#..#.............
#. #.......######
##...#@.#
#####z.# ...#
##... ##..# ..#
..# ..# ..


You could see a wight.

Vanquished Creatures
  A sky beast (D:6)
  A black bear (D:5)
  2 necrophages
  An ogre (D:6)
  A phantom (D:5)
  A centaur (D:6)
  2 bullfrogs (D:6)
  2 scorpions (D:6)
  2 wights (D:6)
  A bullfrog zombie (D:5)
  4 hounds
  An orc priest (D:3)
  4 iguanas
  An orc wizard (D:3)
  A hound skeleton (D:5)
  3 gnolls
  4 adders
  A white imp (D:5)
  2 worms
  2 dart slugs
  8 orcs
  6 endoplasms
  2 giant cockroaches
  7 goblins
  6 hobgoblins
  5 jackals (D:3)
  4 ball pythons
  A bat (D:3)
  A frilled lizard (D:2)
  4 kobolds
  2 rats
  A spectral orc (D:4)
84 creatures vanquished.

Notes
Turn   | Place    | Note
-------+----------+-------------------------------------------
     0 | D:1      | jasper the Demonspawn Wanderer began the quest for the Orb.
     0 | D:1      | jasper set off with the following items: a +2 hand axe, a
                  | scroll of teleportation, 8 poisoned darts, a +0 dagger, a
                  | +0 robe
     0 | D:1      | Reached XP level 1. HP: 16/16 MP: 2/2
    53 | D:1      | Found a faded altar of an unknown god.
    67 | D:1      | Became a worshipper of Lugonu the Unformed
    67 | D:1      | Reached * piety under Lugonu
    67 | D:1      | Reached ** piety under Lugonu
  1012 | D:2      | Gained mutation: You regenerate a little health from kills.
                  | [demonic ancestry]
  1012 | D:2      | Reached XP level 2. HP: 22/22 MP: 3/3
  1495 | D:2      | Gained mutation: You have a pair of small horns on your
                  | head. [demonic ancestry]
  1495 | D:2      | Reached XP level 3. HP: 5/27 MP: 4/4
  2579 | D:3      | Gained mutation: You have a pair of horns on your head.
                  | [demonic ancestry]
  2579 | D:3      | Reached XP level 4. HP: 33/33 MP: 5/5
  2802 | D:3      | Reached skill level 5 in Axes
  2851 | D:3      | Reached *** piety under Lugonu
  2858 | D:3      | Found a transporter.
  2858 | D:3      | Found a transporter.
  2858 | D:3      | Noticed reriks's ghost (amateur OpFE)
  3116 | D:3      | Reached skill level 1 in Invocations
  3200 | D:3      | Reached XP level 5. HP: 35/38 MP: 6/6
  3214 | D:3      | Reached skill level 2 in Invocations
  3218 | D:3      | Reached skill level 3 in Invocations
  3629 | D:4      | Reached skill level 4 in Invocations
  3983 | D:4      | Gained mutation: You have sharp fingernails. [demonic
                  | ancestry]
  3983 | D:4      | Reached XP level 6. HP: 41/44 MP: 9/9
  4173 | D:4      | Found a basalt altar of Yredelemnul.
  4316 | D:4      | Reached skill level 5 in Invocations
  4478 | D:4      | Found a stormy altar of Qazlal.
  4479 | D:4      | Noticed a water elemental
  4494 | D:4      | Noticed an air elemental
  4494 | D:4      | Noticed a fire elemental
  4811 | D:5      | Entered Level 5 of the Dungeon
  4855 | D:5      | Found an opulent altar of Gozag.
  4891 | D:5      | Reached skill level 6 in Invocations
  4895 | D:5      | Noticed Eustachio
  4896 | D:5      | Banished Eustachio
  4897 | D:5      | Reached skill level 7 in Invocations
  4897 | D:5      | Gained mutation: You have sharp toenails. [demonic
                  | ancestry]
  4897 | D:5      | Reached XP level 7. HP: 50/50 MP: 6/12
  5028 | D:5      | Found an iron altar of Okawaru.
  5354 | D:5      | Reached skill level 8 in Invocations
  5768 | D:5      | Noticed HendSelp's ghost (novice OgBe)
  5769 | D:5      | Found a runed translucent gate.
  5770 | D:5      | Found a runed translucent gate.
  5771 | D:5      | Found a runed translucent gate.
  6374 | D:6      | Reached skill level 1 in Armour
  6374 | D:6      | Reached skill level 1 in Dodging
  6374 | D:6      | Reached skill level 1 in Unarmed Combat
  6644 | D:6      | Found a staircase to the Ecumenical Temple.
  6662 | D:6      | Reached XP level 8. HP: 33/58 MP: 14/14
  7002 | D:6      | Identified the +0 pair of gloves "Eresefew" {Harm Fly rCorr
                  | Int-2}
  7306 | D:6      | HP: 3/60 [poisoned by a scorpion]
  7308 | D:6      | HP: 1/60 [poisoned by a scorpion]
  7982 | D:6      | Slain by a wight

Illustrated notes

Levels and vault maps discovered:
D:1:      dpeg_arrival_shelter, layout_basic,
          hellmonk_ecumenical_altar_arch_garden
D:2:      layout_loops_ring
D:3:      layout_loops_ring, gammafunk_ghost_arena
D:4:      layout_basic, nicolae_qazlal_style_of_elements,
          yredelemnul_forgotten_temple_becter, chequers_mini_garden,
          kennysheep_generic_room_5
D:5:      layout_basic, lemuel_round_altar, okawaru_ov_weapons_minmay,
          biasface_ghost_orc_armoury, kennysheep_generic_room_10, uniq_eustachio
D:6:      layout_loops_ring, minmay_temple_entry_wispy, grunt_decor_cap,
          skrybe_limestone_x, grunt_ministairs_9

Skill      XL: |  1  2  3  4  5  6  7  8 |
---------------+-------------------------+-----
Axes           | 3 4 5 |  5.1
Invocations    | 1 4 7 8 |  8.4
Armour         | 1 3 |  3.1
Dodging        | 1 3 |  3.1
Unarmed Combat | 1 3 |  3.1
Fighting       | 3 4 |  4.1
Throwing       | |  1.7
Spellcasting   | |  1.0
Transmutations | |  1.7

Action                   |  1- 3 |  4- 6 |  7- 9 || total
-------------------------+-------+-------+-------++-------
Melee: Hand axe          |    56 |   120 |   136 ||   312
       Headbutt          |     1 |    13 |    26 ||    40
       Punch             |       |       |     1 ||     1
Throw: Dart              |    27 |    25 |    36 ||    88
       Stone             |     2 |     8 |       ||    10
Invok: Banish            |       |     1 |     4 ||     5
Evoke: Wand              |       |       |     1 ||     1
  Use: Scroll            |     3 |     7 |       ||    10
       Potion            |     1 |     2 |     3 ||     6
Armor: Robe              |     2 |       |       ||     2
       Scale mail        |     2 |    59 |    45 ||   106
       Skin              |       |     4 |       ||     4
Dodge: Dodged            |    23 |    41 |    51 ||   115

Table legend: (Time is in decaauts)
 A = Elapsed time spent in this place.
 B = Non-inter-level travel time spent in this place.
 C = Inter-level travel time spent in this place.
 D = Time resting spent in this place.
 E = Time spent auto-exploring this place.
 F = Levels seen in this place.
 G = Mean time per level.
                   A        B        C        D        E       F      G
               +--------+--------+--------+--------+--------+-----+--------+
         Total |   7974 |   7809 |    165 |    725 |   6227 |   6 | 1329.0 |
       Dungeon |   7974 |   7809 |    165 |    725 |   6227 |   6 | 1329.0 |
               +--------+--------+--------+--------+--------+-----+--------+

Top non-repeatable levels by time:
     D:6: 1632 daAuts
     D:5: 1542 daAuts
     D:1: 1402 daAuts
     D:4: 1288 daAuts
     D:2: 1157 daAuts
     D:3: 952 daAuts
